AoeStats
← GORGORY

Golden Pit

507751116Analyzed
1v1 RM · 14d ago on Sep 19, 2026· 34m 10s· 2 players
Game mode
Random Map
Map size
Tiny (2 player)
Population
200
Speed
Normal
Resources
Standard
Victory
Conquest
Starting age
Dark Age
Ending age
Imperial Age
RankedLock teamsTeams togetherTeam positionsShared explorationLock speedFull tech treeHidden civsTurbo modeCheats
Victory
Defeat
🇦🇷 Magyars · Argentina
1046
+14
🇩🇪 Khmer · Germany
993
-14
NexRex
8:50 Loom
11:26 Feudal Age
12:09 Horse Collar
16:34 Double-Bit Axe
16:51 Town Watch
21:47 Castle Age
20:33 Bloodlines
20:42 Scale Barding Armor
22:10 Wheelbarrow
22:08 Forging
22:31 Heavy Plow
22:34 Husbandry
23:12 Chain Barding Armor
22:53 Gold Mining
24:10 Iron Casting
24:01 Devotion
23:28 Pikeman
25:16 Gold Shaft Mining
25:53 Bow Saw
26:00 Fletching
27:02 Stone Mining
27:32 Hand Cart
28:08 Town Patrol
32:29 Imperial Age
30:55 Scale Mail Armor
30:51 Bodkin Arrow
31:51 Chain Mail Armor
32:50 Capped Ram
34:58 Blast Furnace
GORGORY
6:03 Loom
9:14 Feudal Age
9:44 Double-Bit Axe
10:47 Horse Collar
13:27 Wheelbarrow
18:34 Castle Age
17:14 Stone Mining
20:11 Bloodlines
20:26 Husbandry
20:19 Town Watch
24:40 Fervor
25:59 Sanctity
25:58 Heavy Plow
27:43 Bloodlines
28:03 Bow Saw
28:18 Scale Barding Armor
28:32 Light Cavalry
29:10 Gold Mining
30:00 Ballistics
29:36 Murder Holes
31:02 Hand Cart
32:06 Corvinian Army
Connection lost

Rejoining the realm…

Still unreachable

The connection could not be restored.

Session expired

The server has moved on; the page needs a fresh start.